 Dungeon Crawl Stone Soup version 0.31-a0-1620-gcbf77bbcfc (webtiles) character file.

Game seed: 7472546284701446419

140 senseless the Grasshopper (level 5, -10/39 HPs)
             Began as a Demonspawn Warper on Jan 11, 2024.
             Killed by nerve-wracking pain
             ... invoked by an orc priest
              (12 damage)
             ... on level 3 of the Dungeon.
             The game lasted 00:05:00 (1725 turns).

senseless the Grasshopper (Demonspawn Warper)       Turns: 1725, Time: 00:05:01

Health: -10/39     AC:  8    Str: 14    XL:     5   Next: 2%
Magic:  8/8        EV: 12    Int: 13    God:
Gold:   111        SH:  0    Dex: 14    Spells: 7/9 levels left

rFire   . . .        a - +0 mace
rCold   . . .        (no shield)
rNeg    . . .        m - +0 chain mail
rPois   .            (no helmet)
rElec   .            (no cloak)
rCorr   .            (no gloves)
SInv    .            (no boots)
Will    .....        (no amulet) Stlth
                     i - +4 ring of slaying
HPRegen 0.26/turn    l - +5 ring of evasion
MPRegen 0.11/turn

%: no passive effects
@: no status effects
A: claws 1, thin skeletal structure 1
a: no special abilities


You were on level 3 of the Dungeon.
You visited 1 branch of the dungeon, and saw 3 of its levels.

You collected 111 gold pieces.

Inventory:

Hand Weapons
 a - a +0 mace (weapon)
 b - a +0 heavy sling
Missiles
 d - 7 darts of dispersal (quivered)
 r - 6 poisoned darts
Armour
 m - a +0 chain mail (worn)
 n - a +0 leather armour
 t - a +0 pair of gloves
Jewellery
 i - a +4 ring of slaying (left claw)
 l - a +5 ring of evasion (right claw)
 s - a +6 ring of intelligence
Scrolls
 c - a scroll of blinking
 e - a scroll of identify {unknown}
 f - 2 scrolls of enchant weapon {unknown}
 k - a scroll of enchant armour {unknown}
 o - a scroll of fear {unknown}
Potions
 g - 3 potions of degeneration {unknown}
 h - a potion of curing {unknown}
 j - 2 potions of lignification {unknown}
 p - a potion of heal wounds {unknown}
 q - 2 potions of enlightenment {unknown}


   Skills:
 + Level 2.7 Fighting
 + Level 2.5 Maces & Flails
 - Level 0.8 Throwing
 + Level 1.9 Armour
 + Level 2.5 Dodging
 + Level 2.5 Spellcasting
 + Level 3.2 Translocations


You had 7 spell levels left.
You knew the following spells:

 Your Spells              Type           Power      Damage    Failure   Level
a - Blink                 Tloc           20%        N/A       86%         2

Your spell library contained the following spells:

 Spells                   Type           Power      Damage    Failure   Level
 Lesser Beckoning         Tloc           20%        N/A       86%         2
 Teleport Other           Tloc           10%        N/A       97%         3
 Manifold Assault         Tloc           10%        N/A       100%        4
 Vhi's Electric Charge    Tloc/Air       10%        N/A       100%        4


Dungeon Overview and Level Annotations

Branches:
Dungeon (3/15)

Altars:
Yredelemnul


Innate Abilities, Weirdness & Mutations

You have sharp fingernails.
You have a somewhat thin skeletal structure. (Dex +2, Stealth+)


Message History

You sock the orc priest!
You kill the orc priest!
You have reached level 5!
The orc attacks as it pursues you! The orc misses you.
You sock the orc!
You kill the orc!
Things that are here:
a +0 falchion; an orc corpse You hit the orc priest but do no damage.
The orc barely misses you.
The orc priest calls down the wrath of Beogh upon you.
Beogh smites you!
You hear a shout!
You hit the orc priest but do no damage.
You hear a shout!
The orc priest invokes the aid of Beogh against you.
Pain shoots through your body! The orc barely misses you.
The orc priest barely misses you. The orc hits you with a +0 whip.
You hit the orc priest but do no damage.
The orc closely misses you.
The orc priest hits you but does no damage.
You hit the orc priest.
The orc priest is moderately wounded.
The orc priest barely misses you. The orc barely misses you.
You sock the orc priest!
The orc priest is severely wounded.
The orc barely misses you. The orc priest misses you.
You hit the orc priest.
The orc priest is severely wounded.
The orc priest calls down the wrath of Beogh upon you.
Beogh smites you! The orc hits you but does no damage.
The orc priest invokes the aid of Beogh against you.
Beogh smites you!
* * * LOW HITPOINT WARNING * * *
The orc hits you but does no damage.
You barely miss the orc priest.
The orc priest is severely wounded.
The orc priest invokes the aid of Beogh against you.
Pain shoots through your body!
You die...

# #...........# ..#
#.#########..
....#########.#.......#..
#..(.......#..#.......#.>
#.##....##.>..#.......#.#
####.####..^..._.....#
#.# #..#.......#.#
#.#####.#.......#.#
#.@oo##.#.......#.#
####o##.####.####..
#o.o..............
..o.#...##.##.###.#>
o.oo###.............#.
... #.........###... ..
#.........#....# .
#.......<†..####
#.........###


You could see an orc priest and 2 orcs.

Vanquished Creatures
  An orc priest (D:3)
  4 adders
  3 dart slugs
  3 orcs (D:3)
  A ball python (D:2)
  5 endoplasms
  2 giant cockroaches
  3 goblins
  5 hobgoblins
  6 kobolds
  4 quokkas
  11 bats
  11 frilled lizards
  8 rats
67 creatures vanquished.

Notes
Turn   | Place    | Note
-------+----------+-------------------------------------------
     0 | D:1      | senseless the Demonspawn Warper began the quest for the
                  | Orb.
     0 | D:1      | Reached XP level 1. HP: 16/16 MP: 3/3
    96 | D:1      | Reached skill level 1 in Armour
   130 | D:1      | Gained mutation: You have a somewhat thin skeletal
                  | structure. (Dex +2, Stealth+) [demonic ancestry]
   130 | D:1      | Reached XP level 2. HP: 2/22 MP: 5/5
   417 | D:1      | Reached XP level 3. HP: 28/28 MP: 6/6
   656 | D:1      | Learned a level 2 spell: Blink
   851 | D:2      | Reached skill level 3 in Translocations
   851 | D:2      | Gained mutation: You have sharp fingernails. [demonic
                  | ancestry]
   851 | D:2      | Reached XP level 4. HP: 25/34 MP: 7/7
  1496 | D:3      | Found a basalt altar of Yredelemnul.
  1715 | D:3      | Reached XP level 5. HP: 38/39 MP: 8/8
  1723 | D:3      | HP: 1/39 [orc priest/divine providence (11)]
  1725 | D:3      | Killed from afar by an orc priest

Illustrated notes

Levels and vault maps discovered:
D:1:      nicolae_arrival_washed_ashore, layout_rooms,
          chequers_serial_rivers_micro_c, hex_intersection, corner_web_ring
D:2:      layout_loops_ring
D:3:      layout_rooms, vehumet_statue, lemuel_tele_altar,
          nicolae_tso_swordbearing_angel, minmay_misc_feat_tower

Skill      XL: |  1  2  3 |
---------------+----------+-----
Armour         | 1 |  1.9
Maces & Flails | 2 |  2.5
Dodging        | 2 |  2.5
Translocations | 3 |  3.2
Fighting       | |  2.7
Throwing       | |  0.8
Spellcasting   | |  2.5

Action                     |  1- 3 |  4- 6 || total
---------------------------+-------+-------++-------
  Melee: Mace              |   122 |    42 ||   164
         Punch             |     2 |       ||     2
   Fire: Sling             |     5 |    27 ||    32
   Stab: Sleeping          |     1 |       ||     1
 Armour: Leather armour    |    79 |       ||    79
         Chain mail        |    17 |    31 ||    48
  Dodge: Dodged            |   129 |    40 ||   169

Table legend: (Time is in decaauts)
 A = Elapsed time spent in this place.
 B = Non-inter-level travel time spent in this place.
 C = Inter-level travel time spent in this place.
 D = Time resting spent in this place.
 E = Time spent auto-exploring this place.
 F = Levels seen in this place.
 G = Mean time per level.
                   A        B        C        D        E       F      G
               +--------+--------+--------+--------+--------+-----+--------+
         Total |   1806 |   1693 |    113 |      0 |   1194 |   3 |  602.0 |
       Dungeon |   1806 |   1693 |    113 |      0 |   1194 |   3 |  602.0 |
               +--------+--------+--------+--------+--------+-----+--------+

Top non-repeatable levels by time:
     D:1: 773 daAuts
     D:2: 766 daAuts
     D:3: 266 daAuts
